 Dungeon Crawl Stone Soup version 0.26-a0-501-g57170428f2 (webtiles) character file.

Game seed: 13230997943763143302

95 ANON1729 the Vexing (level 4, -1/44 HPs)
             Began as an Ogre Arcane Marksman on Aug 7, 2020.
             Slain by Natasha (3 damage)
             ... on level 2 of the Dungeon.
             The game lasted 00:04:50 (2661 turns).

ANON1729 the Vexing (Ogre Arcane Marksman)          Turns: 2661, Time: 00:04:51

Health: -1/44      AC:  3    Str: 14    XL:     4   Next: 66%
Magic:  7/7        EV: 10    Int: 15    God:
Gold:   172        SH:  0    Dex:  9    Spells: 6/7 levels left

rFire    . . .     SeeInvis .   g - +0 short sword
rCold    . . .     Faith    .   (no shield)
rNeg     . . .     Spirit   .   a - +0 robe
rPois    .         Reflect  .   (helmet restricted)
rElec    .         Harm     .   (no cloak)
rCorr    .                      (gloves unavailable)
MR       .....                  (boots unavailable)
Stlth    +.........             i - amulet of the acrobat
HPRegen  0.14/turn              (no ring)
MPRegen  0.10/turn              (no ring)

@: no status effects
A: large, unfitting armour, tough skin 1
a: no special abilities


You were on level 2 of the Dungeon.
You visited 1 branch of the dungeon, and saw 2 of its levels.

You collected 172 gold pieces.

Inventory:

Hand Weapons
 c - a cursed -2 whip
 g - a +0 short sword (weapon)
Missiles
 d - a throwing net
 n - 2 large rocks (quivered)
Armour
 a - a +0 robe (worn)
 f - +0 fire dragon scales
Jewellery
 i - an amulet of the acrobat (around neck)
Scrolls
 b - a scroll of blinking {unknown}
 e - 3 scrolls of identify {unknown}
 j - a scroll of remove curse {unknown}
 k - a scroll of amnesia {unknown}
 l - a scroll of teleportation {unknown}
 m - a scroll of fear {unknown}
Potions
 h - a potion of haste


   Skills:
 + Level 2.8 Fighting
 + Level 2.7 Throwing
 + Level 2.4 Dodging
 + Level 2.2 Spellcasting
 + Level 3.2 Hexes


You had 6 spell levels left.
You knew the following spells:

 Your Spells              Type           Power        Failure   Level
a - Corona                Hex            ##.....      6%          1

Your spell library contained the following spells:

 Spells                   Type           Power        Failure   Level
 Slow                     Hex            ##......     9%          2
 Inner Flame              Hex/Fire       #.......     32%         3
 Portal Projectile        Hex/Tloc       #.....       32%         3
 Cause Fear               Hex            ##........   50%         4
 Leda's Liquefaction      Hex/Erth       #.........   73%         4


Dungeon Overview and Level Annotations

Branches:
Dungeon (2/15)

Altars:
Ashenzari

Annotations:
D:2 Natasha


Innate Abilities, Weirdness & Mutations

You are too large for most types of armour.
You have tough skin. (AC +1)


Message History

* * * LOW HITPOINT WARNING * * *
Natasha closely misses you. The white imp hits you.
* * * LOW HITPOINT WARNING * * *
The white imp freezes you.
* * * LOW HITPOINT WARNING * * *
The white imp hits you but does no damage.
Throwing (i - inventory. (/) - cycle)
n - 3 large rocks (quivered)
Press: ? - help, Shift-Dir - straight line, f/p - Natasha
Aim: Natasha (severely wounded)
You throw a large rock. The large rock hits Natasha.
Natasha is severely wounded.
Natasha closely misses you.
The white imp shouts, "Fly, thou pandering mumble-news beggar!"
The white imp hits you.
* * * LOW HITPOINT WARNING * * *
The white imp freezes you.
* * * LOW HITPOINT WARNING * * *
The white imp hits you but does no damage.
Natasha claws you.
You die...

##..###.##..#)##............#
#.....#.#..#.†.#.........)(..
#..###.##.###.##......)..(..#
#....#...#.#.#.............##
#...)#.###.(.##..######...##.
#.....#.#.###.#..# ######..
#....(#...##(.#..#####....#..
##.#...###.5h5.....#...####..
# ###..##..@#####.#.#######.
#...........#.......# ##
#.##................# #
....................####
####........###....##...
############....##.##
######.........##
#...##........>#
#...##.........#


You could see Natasha and 2 white imps.

Vanquished Creatures
  Natasha (D:2)
  An ooze (D:2)
  A worm (D:2)
  3 dart slugs
  4 leopard geckos
  6 bats
  A giant cockroach (D:1)
  9 goblins
  7 hobgoblins
  2 ball pythons (D:2)
  5 frilled lizards
  8 kobolds
  9 rats
57 creatures vanquished.

Notes
Turn   | Place    | Note
-------+----------+-------------------------------------------
     0 | D:1      | ANON1729 the Ogre Arcane Marksman began the quest for the
                  | Orb.
     0 | D:1      | Reached XP level 1. HP: 19/19 MP: 2/2
   356 | D:1      | Reached XP level 2. HP: 20/28 MP: 4/4
   998 | D:1      | Reached XP level 3. HP: 24/35 MP: 5/5
  1067 | D:1      | Reached skill level 3 in Hexes
  1810 | D:2      | Reached XP level 4. HP: 13/44 MP: 7/7
  2104 | D:2      | Noticed Natasha
  2136 | D:2      | Killed Natasha
  2618 | D:2      | Found a shattered altar of Ashenzari.
  2653 | D:2      | Noticed Natasha
  2661 | D:2      | HP: 2/44 [white imp[Natasha] (3)]
  2661 | D:2      | Slain by Natasha

Illustrated notes

Levels and vault maps discovered:
D:1:      saegor_arrival_under_anarchy, layout_basic, minmay_pentomino_w2
D:2:      layout_rooms, lemuel_round_altar, minmay_pentomino_pile, uniq_natasha

Skill      XL: |  1  2  3 |
---------------+----------+-----
Dodging        | 2 |  2.4
Fighting       | 2 |  2.8
Hexes          | 3 |  3.2
Spellcasting   | 2 |  2.2
Throwing       | |  2.7

Action                   |  1- 3 |  4- 6 || total
-------------------------+-------+-------++-------
Melee: Unarmed           |   176 |       ||   176
       Short sword       |    61 |    69 ||   130
Throw: Large rock        |    10 |     6 ||    16
       Throwing net      |     1 |       ||     1
  Use: Potion            |       |     1 ||     1
 Stab: Sleeping          |     1 |       ||     1
Armor: Robe              |   100 |    23 ||   123
Dodge: Dodged            |   159 |    43 ||   202

Table legend: (Time is in decaauts)
 A = Elapsed time spent in this place.
 B = Non-inter-level travel time spent in this place.
 C = Inter-level travel time spent in this place.
 D = Time resting spent in this place.
 E = Time spent auto-exploring this place.
 F = Levels seen in this place.
 G = Mean time per level.
                   A        B        C        D        E       F      G
               +--------+--------+--------+--------+--------+-----+--------+
         Total |   2669 |   2536 |    133 |   1103 |    826 |   2 | 1334.5 |
       Dungeon |   2669 |   2536 |    133 |   1103 |    826 |   2 | 1334.5 |
               +--------+--------+--------+--------+--------+-----+--------+

Top non-repeatable levels by time:
     D:1: 1814 daAuts
     D:2: 855 daAuts
